Map: Frozen Temple

Players

Kelazhur - Winner!

  • Race: Terran Terran
  • League: Master

SortOf

  • Race: Zerg Zerg
  • League: Master

VOD

https://www.youtube.com/watch?v=BQYuntyIsI0

Description

Time

  • Played on: Nov. 25, 2016, 12:38 p.m.
  • Length: 13:04
Show
View Real Time Build Order
Export as new Build Order

Kelazhur Terran - Winner!

Build Orders: MMM Bio 

Get SALT Encoding   

  12  0:00  SCV  
  13  0:13  SCV  
  14  0:17  Supply Depot  
  14  0:25  SCV  
  15  0:39  SCV  
  15  0:40  Barracks  
  16  0:44  Refinery  
  16  0:51  SCV  
  17  0:59  Barracks  
  17  1:03  SCV  
  18  1:15  SCV  
  19  1:19  Barracks  
  19  1:27  Reaper  
  20  1:35  Orbital Command  
  20  1:41  Refinery  
  20  1:46  Reaper  
  21  1:52  Supply Depot  
  21  2:00  SCV  
  22  2:02  Reaper  
  23  2:14  Reaper, SCV  
  25  2:19  Supply Depot  
  25  2:27  Reaper  
  25  2:29  SCV  
  27  2:35  Reaper  
  28  2:44  SCV  
  28  2:46  Reaper  
  30  2:55  Supply Depot  
  30  2:56  SCV  
  31  2:59  Reaper  
  32  3:07  Reaper  
  32  3:08  SCV  
  34  3:18  Reaper  
  35  3:20  SCV  
  35  3:25  Command Center  
  36  3:31  Reaper  
  36  3:32  SCV  
  38  3:43  Factory, Barracks Tech Lab  
  38  3:54  SCV  
  39  3:59  Barracks Reactor, Supply Depot  
  39  4:02  Marine  
  39  4:04  Barracks Reactor  
  39  4:09  SCV  
  40  4:13  Command Center  
  39  4:23  Stimpack, Marine  
  40  4:24  SCV  
  41  4:36  SCV  
  41  4:37  Orbital Command  
  42  4:38  Marine x2  
  42  4:42  Marine  
  45  4:46  Marine x2  
  45  4:51  SCV  
  48  4:57  Marine x2  
  49  5:00  Starport  
  49  5:01  Factory Reactor  
  49  5:07  SCV  
  49  5:10  Marine x2  
  49  5:11  SCV  
  49  5:13  Marauder  
  55  5:19  SCV  
  56  5:23  SCV  
  56  5:26  Marine x2  
  59  5:28  Orbital Command  
  59  5:30  Marine  
  59  5:31  SCV  
  61  5:36  SCV  
  61  5:39  Marine  
  61  5:40  Marauder  
  65  5:43  Marine, SCV  
  65  5:44  Marine  
  65  5:47  Medivac x2  
  65  5:49  SCV  
  73  5:53  Supply Depot, Marine  
  73  5:55  SCV  
  75  6:04  Marine x2  
  75  6:05  Marauder, Marine  
  75  6:06  Orbital Command  
  80  6:16  Engineering Bay x2, SCV x2  
  80  6:18  Marine  
  83  6:22  Marine  
  84  6:27  Combat Shields, Marauder, Marine x2  
  84  6:29  Medivac, SCV  
  84  6:31  Supply Depot  
  91  6:33  Refinery  
  91  6:34  Refinery  
  91  6:35  Medivac  
  93  6:43  Supply Depot  
  93  6:44  Supply Depot  
  93  6:53  SCV x3, Marine  
  97  7:05  SCV  
  97  7:06  Marauder, Marine x3  
  103  7:11  SCV x2  
  103  7:12  Terran Infantry Weapons Level 1, Terran Infantry Armor Level 1  
  105  7:17  SCV  
  105  7:18  Supply Depot  
  105  7:20  Marine  
  107  7:27  SCV  
  108  7:30  SCV  
  108  7:31  Marine x3  
  108  7:32  Marauder  
  108  7:33  Factory Tech Lab  
  108  7:36  SCV  
  115  7:38  Supply Depot  
  115  7:39  Refinery, SCV  
  115  7:40  Supply Depot  
  115  7:42  Liberator  
  116  7:45  SCV  
  116  7:46  Marine  
  116  7:47  Concussive Shells  
  116  7:49  SCV  
  119  7:51  Marine, SCV  
  119  7:52  Marine x2  
  119  7:53  Marauder  
  119  7:54  Supply Depot  
  125  8:00  Siege Tank, SCV  
  125  8:01  SCV  
  125  8:02  Supply Depot  
  125  8:03  Supply Depot  
  133  8:06  SCV  
  133  8:09  Marine x2  
  133  8:12  SCV  
  137  8:13  SCV  
  137  8:14  Marauder  
  137  8:16  Armory  
  137  8:18  SCV  
  141  8:21  Medivac  
  141  8:22  Supply Depot  
  141  8:24  SCV, Marine x2  
  141  8:25  SCV  
  147  8:30  SCV  
  147  8:31  Supply Depot  
  147  8:34  Supply Depot, Marine x2  
  148  8:39  Siege Tank  
  153  8:43  Medivac  
  155  8:51  Medivac, Marine, SCV  
  155  8:52  Marauder, Marine x3  
  163  9:05  Barracks  
  163  9:06  Barracks  
  163  9:07  Barracks  
  163  9:14  Marine  
  163  9:15  Marauder, Marine x3  
  170  9:21  Supply Depot  
  170  9:23  Barracks  
  169  9:24  Terran Infantry Armor Level 2, Terran Infantry Weapons Level 2  
  169  9:31  Command Center  
  169  9:32  Marine x2  
  169  9:33  Marine  
  169  9:36  Marauder  
  152  10:02  Marine  
  152  10:03  Marauder, Marine x3  
  145  10:15  Siege Tank  
  145  10:18  Marine x4  
  145  10:20  Marine x3  
  146  10:23  Barracks, Terran Vehicle Weapons Level 1, Factory  
  146  10:25  Barracks  
  146  10:27  Barracks  
  146  10:30  Medivac x2  
  146  10:31  Marauder, Marine  
  153  10:36  Marine x4  
  153  10:38  Marine x2  
  137  10:53  Marauder  
  137  10:54  Marine x6  
  137  10:56  Marine x2  
  115  10:59  Siege Tank  
  115  11:00  Medivac x2  
  116  11:12  Marine x6  
  116  11:13  Marine  
  116  11:14  Marauder, Factory Tech Lab, Marine x2  
  116  11:16  Planetary Fortress  
  127  11:21  Marine x2  
  129  11:30  Marine x5  
  129  11:31  Siege Tank  
  137  11:34  Medivac x2  
  137  11:36  Siege Tank, Marauder  
  137  11:37  Marine  
  137  11:38  Marine x3  
  137  11:39  Marine x2  
  151  11:47  Marine  
  151  11:48  Marine x2  
  153  11:57  Marauder  
  154  12:04  Marine x2  
  154  12:07  Marine x2  
  156  12:09  Marine  
  156  12:10  Marine x6  
  161  12:18  Medivac x2, Marauder  
  161  12:22  Marine x2  
  169  12:26  Marine x3  
  169  12:27  Siege Tank  
  169  12:28  Marine x5  
  168  12:30  Marine  
  145  12:39  Marine  
  145  12:40  Marauder, Marine  
  145  12:44  Marine x3  
Show
View Real Time Build Order
Export as new Build Order

SortOf Zerg 

Build Orders: Hatch First 

Get SALT Encoding   

  12  0:00  Drone  
  13  0:12  Overlord  
  13  0:17  Drone  
  14  0:31  Drone x2  
  16  0:38  Drone  
  17  0:51  Hatchery  
  17  0:55  Drone  
  17  0:59  Drone  
  18  1:06  Extractor  
  17  1:14  Spawning Pool  
  17  1:17  Drone  
  17  1:20  Drone  
  18  1:29  Drone  
  19  1:41  Overlord  
  19  1:51  Drone  
  20  2:01  Queen  
  20  2:02  Zergling x2  
  20  2:03  Queen  
  20  2:04  Zergling x2  
  26  2:10  Roach Warren  
  26  2:13  Zergling x2  
  26  2:17  Drone  
  27  2:27  Drone  
  27  2:29  Drone  
  29  2:37  Queen  
  31  2:50  Roach  
  31  2:51  Roach x2  
  36  2:54  Overlord  
  36  3:05  Overlord  
  35  3:16  Roach  
  35  3:17  Roach x3  
  44  3:27  Ravager  
  44  3:28  Drone  
  45  3:35  Drone x2  
  47  3:43  Ravager  
  47  3:45  Drone x2  
  47  3:46  Overlord  
  47  3:47  Drone  
  51  3:49  Extractor  
  51  3:55  Drone  
  51  3:57  Overlord  
  51  3:59  Overlord  
  51  4:06  Overlord  
  51  4:08  Ravager  
  51  4:09  Drone  
  53  4:10  Drone  
  53  4:12  Drone  
  53  4:14  Drone  
  53  4:16  Drone  
  57  4:22  Drone x2  
  59  4:24  Ravager  
  59  4:26  Drone  
  59  4:30  Drone  
  62  4:35  Drone x2  
  62  4:38  Drone x2  
  66  4:43  Lair  
  66  4:48  Evolution Chamber  
  66  4:50  Roach  
  66  4:51  Drone  
  68  4:54  Drone  
  68  4:59  Drone x3  
  72  5:09  Drone x3  
  72  5:13  Extractor  
  74  5:19  Zerg Ground Armor Level 1  
  74  5:25  Drone  
  74  5:28  Overlord  
  74  5:32  Drone x2  
  74  5:33  Extractor  
  74  5:35  Evolution Chamber  
  74  5:39  Hatchery  
  74  5:40  Roach x3  
  74  5:42  Overlord  
  79  5:44  Glial Reconstitution  
  79  5:47  Drone x2  
  81  5:54  Queen  
  83  6:01  Overlord  
  83  6:05  Drone x4  
  83  6:09  Hydralisk Den  
  86  6:13  Drone  
  86  6:14  Drone  
  86  6:18  Drone x3  
  91  6:22  Drone x3, Zerg Missile Weapons Level 1  
  95  6:32  Drone  
  95  6:33  Roach x2  
  95  6:38  Grooved Spines  
  95  6:39  Hydralisk x2  
  103  6:51  Hydralisk x4  
  111  7:04  Drone x4  
  111  7:17  Overlord  
  111  7:18  Hydralisk  
  111  7:19  Overlord  
  111  7:20  Overlord  
  111  7:21  Extractor  
  111  7:22  Extractor  
  111  7:24  Overlord  
  111  7:25  Overlord, Drone  
  111  7:26  Drone  
  113  7:30  Overlord  
  113  7:33  Overlord x2  
  113  7:34  Overlord  
  113  7:37  Overlord  
  113  7:44  Hydralisk x4  
  113  7:47  Hydralisk  
  113  7:49  Hydralisk  
  125  7:56  Hydralisk x2  
  129  7:59  Hydralisk x2  
  135  8:05  Roach  
  135  8:06  Roach x2  
  139  8:13  Muscular Augments  
  139  8:16  Zerg Missile Weapons Level 2  
  139  8:19  Drone x4  
  143  8:27  Drone x2  
  143  8:28  Overlord  
  143  8:30  Zerg Ground Armor Level 2  
  143  8:33  Roach x2  
  149  8:46  Hatchery  
  148  8:52  Hydralisk x5  
  158  8:59  Drone  
  158  9:02  Overlord  
  159  9:04  Hydralisk x2  
  159  9:05  Infestation Pit  
  162  9:11  Hydralisk x2  
  162  9:13  Drone x2  
  168  9:18  Hydralisk x2  
  168  9:21  Overseer  
  169  9:26  Drone x3  
  171  9:36  Extractor  
  171  9:37  Drone x5  
  171  9:38  Drone  
  172  9:45  Roach x2  
  162  9:50  Roach  
  160  10:03  Roach x3  
  162  10:13  Roach x4  
  164  10:20  Ravager x3  
  164  10:21  Ravager x2  
  165  10:27  Hydralisk x2  
  169  10:28  Zergling x2  
  169  10:29  Zergling x6, Roach  
  169  10:31  Overlord  
  169  10:35  Roach x2  
  179  10:48  Roach  
  145  10:51  Roach  
  145  10:55  Roach x4  
  119  10:58  Hydralisk x2  
  103  11:11  Drone x2  
  105  11:13  Hydralisk x3, Extractor  
  105  11:16  Overlord  
  110  11:21  Hydralisk x2  
  110  11:22  Hatchery  
  110  11:23  Drone  
  110  11:24  Drone x2  
  116  11:30  Hydralisk x2  
  120  11:37  Hydralisk x2  
  120  11:39  Overlord  
  124  11:43  Hydralisk x2  
  128  11:47  Hydralisk  
  128  11:48  Hydralisk  
  128  11:52  Drone x3  
  135  11:56  Roach x4  
  135  12:00  Hydralisk  
  139  12:01  Zergling x2  
  139  12:02  Zergling x8  
  134  12:09  Roach x3  
  138  12:17  Roach x2  
  142  12:26  Roach x5  
  127  12:32  Roach x2  
  102  12:37  Roach  
Tags
 
Composition
MMM Bio
Matchup
TvZ
Replay Pack
EmSC2Tv
Add a new tag
Caveats
  • Supply blocks, unpowered buildings, or Contaminate may cause inaccurate times.
  • Supply counts are checked every 10 seconds.